 Dungeon Crawl Stone Soup version 0.20.1-1-g8b1a95d (webtiles) character file.

6668 vatarom the Gouger (level 10, -4/48 HPs)
             Began as a Felid Transmuter on Sept 1, 2017.
             Was a Follower of Makhleb.
             Slain by an orc knight
             ... wielding a +0 broad axe
              (11 damage)
             ... on level 10 of the Dungeon.
             The game lasted 00:30:41 (12471 turns).

vatarom the Gouger (Felid Transmuter)              Turns: 12471, Time: 00:30:42

Health: -4/48      AC:  6    Str: 17    XL:     10   Next: 73%
Magic:  13/18      EV: 25    Int: 17    God:    Makhleb [*.....]
Gold:   644        SH:  0    Dex: 17    Spells: 3/18 levels left
                                        Lives:  0   Deaths: 3

rFire    . . .     SeeInvis +     - Unarmed
rCold    . . .     Gourm    .   (shield unavailable)
rNeg     . . .     Faith    .   (armour unavailable)
rPois    +         Spirit   .   (helmet unavailable)
rElec    .         Reflect  .   (cloak unavailable)
rCorr    .         Harm     .   (gloves unavailable)
MR       +....     Clarity  +   (boots unavailable)
Stlth    +.........             (no amulet)
Regen    0.2/turn               x - +4 ring of strength
MPRegen  0.2/turn               E - +4 ring of strength

@: blade paws (expiring), quick
A: no armour, no weapons or thrown items, stealth, claws 1, fangs 3, slimy green
scales 1, yellow scales 1, see invisible, carnivore 3, clarity, clever 1, speed
1, poison resistance, shaggy fur 2, slow metabolism 1
a: End Transformation, Renounce Religion


You were on level 10 of the Dungeon.
You worshipped Makhleb.
Makhleb was aware of your devotion.
You were very full.
You had blades for front paws.
You visited 2 branches of the dungeon, and saw 12 of its levels.
You also visited: Bailey.

You collected 644 gold pieces.

Inventory:

Missiles
 a - 306 arrows
Jewellery
 f - a +3 ring of protection
 j - an uncursed ring of protection from magic
 s - an uncursed ring of fire
 v - a +4 ring of dexterity
 x - a +4 ring of strength (left scythe-like blade)
 E - a +4 ring of strength (right scythe-like blade)
Wands
 l - a wand of digging (15/24)
 p - a wand of polymorph (12/24)
 q - a wand of polymorph (7/24)
 r - a wand of flame (30/48)
 w - a wand of iceblast (6/15)
 y - a wand of confusion (18/48)
 z - a wand of polymorph (12/24)
 A - a wand of random effects (11/48)
 C - a wand of iceblast (6/15)
 F - a wand of flame (27/48)
 G - a wand of flame (19/48)
Scrolls
 d - 6 scrolls of remove curse
 e - 2 scrolls of identify
 g - 2 scrolls of amnesia
 i - 5 scrolls of fog
 o - a scroll of teleportation
 B - a scroll of magic mapping
Potions
 t - 3 potions of agility
 u - a potion of curing
 D - a potion of resistance
Books
 b - a book of Changes

   Spells                             Type                      Level
   a - Beastly Appendage              Transmutation                1
   b - Sticks to Snakes               Transmutation                2
   c - Spider Form                    Transmutation/Poison         3
   d - Ice Form                       Ice/Transmutation            4
   e - Blade Hands                    Transmutation                5
Comestibles
 c - 9 meat rations
 n - a royal jelly


   Skills:
 + Level 8.0 Fighting
 + Level 9.2 Dodging
 * Level 12.7 Unarmed Combat
 - Level 4.7 Spellcasting
 - Level 8.1 Transmutations
 - Level 1.9 Ice Magic


You had 3 spell levels left.
You knew the following spells:

 Your Spells              Type           Power        Failure   Level  Hunger
a - Beastly Appendage     Tmut           ####..       12%         1    None
b - Sticks to Snakes      Tmut           ####....     14%         2    #......
c - Spider Form           Tmut/Pois      ###.......   43%         3    ###....
d - Blade Hands           Tmut           ####......   54%         5    ######.
e - Ice Form              Ice/Tmut       ###.....     61%         4    ####...


Dungeon Overview and Level Annotations

Branches:
Dungeon (11/15)            Temple (1/1) D:5
   Lair: D:8-11         Orc: D:9-12

Altars:
Ashenzari
Cheibriados
Dithmenos
Elyvilon
Fedhas
Gozag
Hepliaklqana
Kikubaaqudgha
Makhleb
Nemelex Xobeh
Okawaru
Qazlal
Ru
Sif Muna
Trog
Uskayaw
Vehumet
Xom
Yredelemnul
Zin
The Shining One

Shops:
D:7 *   D:11 *


Innate Abilities, Weirdness & Mutations

You cannot wear armour.
You are incapable of wielding weapons or throwing items.
Your paws allow you to move quietly. (Stealth)
You have sharp claws.
You have razor-sharp teeth.
You have supernaturally acute eyesight. (SInv)
You are carnivorous and can eat meat at any time.
You cover ground quickly.
You are covered in thick fur. (AC +2)
You have a slow metabolism.
((Your sharp claws are effective at attacking unaware monsters.))
You are partially covered in slimy green scales. (AC +2)
You are partially covered in yellow scales. (AC +2)
You possess an exceptional clarity of mind.
Your mind is acute. (Int +2)
Your system is resistant to poisons. (rPois)


Message History

You hit the warg but do no damage. The warg bites you!
Okay, then.
Okay, then.
You slice the orc knight!! You slash the orc knight.
The orc knight is heavily wounded.
The warg misses you. The orc knight barely misses you.
Unknown command.
You hit the orc knight.
The orc knight is heavily wounded.
The warg misses you. The orc knight closely misses you.
You hit the orc knight.
The orc knight is heavily wounded.
The warg closely misses you.
You hit the orc knight but do no damage.
Your bite misses the orc knight.
The orc knight is heavily wounded.
The warg bites you!
* * * LOW HITPOINT WARNING * * *
The orc knight hits you with a broad axe!
You die...

#.......##.#.#
#.#...###.###
#.......##.#.#
#.#...?.....#
#####.......##.#.#
#.#.#.#######
............##.#.#
#.#.#.#
............##...#
#.#.#.#
..)......######..#
#.#.#.# .........#
#..# #.#...#
.........#
##o###.#####
......(..# #@h[..#
.........# #######
.........#
.........#
........##
.........#
.........#
.........#
.........#


You could see an orc knight and a warg.

Vanquished Creatures
  A centaur warrior (D:10)
  2 two-headed ogres
  The ghost of BGT the Geomancer, a novice GrEE of Vehumet (D:9)
  Pikel (D:6)
  A cyclops (D:11)
  Joseph (D:7)
  2 trolls
  A hornet (D:10)
  A hippogriff (D:10)
  14 yaks
  A wraith (D:10)
  A shadow (D:11)
  Menkaure (D:4)
  3 water moccasins
  An acid dragon (D:10)
  Duvessa (D:6)
  3 orc warriors
  3 black bears
  3 sky beasts
  2 phantoms
  3 ogres
  14 centaurs
  Blork the orc (D:6)
  3 big kobolds
  4 bullfrogs
  Dowan (D:6)
  3 wights (D:11)
  4 howler monkeys
  2 vampire bats (D:4)
  2 crimson imps
  A centaur zombie (D:9)
  6 jellies
  10 orc wizards
  3 orc priests
  2 centaur skeletons
  5 hounds
  Jessica (D:3)
  2 bullfrog skeletons
  5 iguanas
  9 worker ants
  A hound zombie (D:9)
  3 hound skeletons
  2 worker ant zombies (D:9)
  14 adders
  2 gnolls (D:3)
  3 shadow imps
  An ooze (D:5)
  An adder zombie (D:9)
  2 adder skeletons
  A worm (D:4)
  A dart slug (D:3)
  4 leopard geckos
  40 orcs
  5 giant cockroaches
  8 goblins
  5 hobgoblins
  17 jackals
  17 kobolds
  3 quokkas
  3 ball pythons
  16 bats
  4 frilled lizards (D:2)
  4 rats
282 creatures vanquished.

Vanquished Creatures (collateral kills)
  A water moccasin (D:10)
  A gnoll (D:3)
  A worm (D:2)
3 creatures vanquished.

Vanquished Creatures (others)
  2 slaves (D:6)
  An orc wizard (D:6)
  3 orcs (D:6)
6 creatures vanquished.

Grand Total: 291 creatures vanquished

Notes
Turn   | Place    | Note
-------+----------+-------------------------------------------
     0 | D:1      | vatarom the Felid Transmuter began the quest for the Orb.
     0 | D:1      | Reached XP level 1. HP: 9/9 MP: 4/4
   362 | D:1      | Reached XP level 2. HP: 12/12 MP: 4/6
   517 | D:2      | Reached skill level 4 in Unarmed Combat
   589 | D:2      | Reached XP level 3. HP: 8/15 MP: 5/7
   771 | D:2      | Learned a level 2 spell: Sticks to Snakes
   919 | D:2      | Learned a level 3 spell: Spider Form
   956 | D:2      | Reached XP level 4. HP: 19/19 MP: 6/8
  1264 | D:3      | Noticed Jessica
  1269 | D:3      | Killed Jessica
  1429 | D:3      | Reached XP level 5. HP: 18/22 MP: 2/9
  1896 | D:4      | Reached skill level 5 in Unarmed Combat
  1897 | D:4      | Reached skill level 5 in Transmutations
  2330 | D:4      | Noticed Menkaure
  2343 | D:4      | Killed Menkaure
  2343 | D:4      | Gained mutation: You are covered in thick fur. (AC +2) [Felid growth]
  2343 | D:4      | Reached XP level 6. HP: 11/25 MP: 6/10
  2862 | D:5      | Entered Level 5 of the Dungeon
  2940 | D:5      | Reached XP level 7. HP: 29/29 MP: 7/11
  3000 | D:5      | You fall through a shaft!
  3049 | D:5      | Reached skill level 6 in Unarmed Combat
  3559 | D:5      | Found a staircase to the Ecumenical Temple.
  3578 | Temple   | Entered the Ecumenical Temple
  4143 | D:6      | Noticed Duvessa
  4145 | D:6      | Noticed Dowan
  4158 | D:6      | Killed Dowan
  4159 | D:6      | Killed Duvessa
  4373 | D:6      | Noticed Pikel
  4399 | D:6      | Killed Pikel
  4399 | D:6      | Reached skill level 7 in Unarmed Combat
  4399 | D:6      | Reached XP level 8. HP: 19/35 MP: 9/12
  4604 | D:6      | Noticed Blork the orc
  4610 | D:6      | Learned a level 5 spell: Blade Hands
  4613 | D:6      | Killed Blork the orc
  4741 | D:6      | Gained mutation: You do not regenerate when monsters are visible. [mutagenic glow]
  4753 | D:6      | Reached skill level 8 in Unarmed Combat
  4764 | D:6      | Gained mutation: You are partially covered in yellow scales. (AC +2) [mutagenic meat]
  4766 | D:6      | Gained mutation: You expend magic power (3 MP) to strengthen your wands. [mutagenic meat]
  4768 | D:6      | Gained mutation: Your flesh is heat resistant. (rF+) [mutagenic meat]
  4769 | D:6      | Gained mutation: Your mind is acute. (Int +2) [mutagenic meat]
  4771 | D:6      | Gained mutation: Your body sometimes deteriorates upon taking damage. [mutagenic glow]
  5396 | D:7      | Lost mutation: Your body sometimes deteriorates upon taking damage. [potion of mutation]
  5396 | D:7      | Lost mutation: You do not regenerate when monsters are visible. [potion of mutation]
  5396 | D:7      | Lost mutation: Your flesh is heat resistant. (rF+) [potion of mutation]
  5396 | D:7      | Lost mutation: You expend magic power (3 MP) to strengthen your wands. [potion of mutation]
  5396 | D:7      | Gained mutation: You are partially covered in slimy green scales. (AC +2) [potion of mutation]
  5396 | D:7      | Gained mutation: Your system is resistant to poisons. (rPois) [potion of mutation]
  5396 | D:7      | Gained mutation: You possess an exceptional clarity of mind. [potion of mutation]
  5465 | D:7      | Noticed Joseph
  5476 | D:7      | Found Muasa's General Store.
  5632 | D:7      | Killed Joseph
  5632 | D:7      | Reached XP level 9. HP: 16/39 MP: 2/14
  6129 | D:7      | Learned a level 4 spell: Ice Form
  6359 | D:8      | Slain by an orc warrior
  6360 | D:8      | Reached XP level 8. HP: -3/36 MP: 10/14
  6512 | D:8      | Reached skill level 9 in Unarmed Combat
  6512 | D:8      | Reached skill level 1 in Ice Magic
  6781 | D:8      | Found a basalt altar of Yredelemnul.
  7087 | D:8      | Reached XP level 9. HP: 37/39 MP: 7/17
  7529 | D:8      | Reached skill level 5 in Fighting
  7648 | D:9      | Noticed BGT's ghost (novice GrEE)
  7659 | D:9      | HP: 1/40 [BGT's ghost (13)]
  7664 | D:9      | Slain by BGT's ghost
  7665 | D:9      | Reached XP level 8. HP: -1/37 MP: 10/16
  7896 | D:9      | Found an ancient bone altar of Kikubaaqudgha.
  7897 | D:9      | Found a blossoming altar of Fedhas.
  7940 | D:9      | Reached skill level 10 in Unarmed Combat
  8009 | D:9      | Noticed a two-headed ogre
  8050 | D:9      | Killed a two-headed ogre
  8050 | D:9      | Reached XP level 9. HP: 39/40 MP: 7/17
  8053 | D:9      | Reached skill level 5 in Dodging
  8100 | D:9      | Found a hazy altar of Hepliaklqana.
  8283 | D:9      | Noticed a troll
  8292 | D:9      | Killed a troll
  8762 | D:9      | Reached skill level 11 in Unarmed Combat
  8817 | D:9      | Killed BGT's ghost
  8817 | D:9      | Reached XP level 10. HP: 45/46 MP: 5/18
  9031 | D:9      | Found a burning altar of Makhleb.
  9032 | D:9      | Found a shimmering altar of Xom.
  9075 | D:10     | Entered Level 10 of the Dungeon
  9888 | D:9      | Became a worshipper of Makhleb the Destroyer
 10151 | D:10     | Noticed a centaur warrior
 10157 | D:10     | Killed a centaur warrior
 10535 | D:10     | Reached skill level 12 in Unarmed Combat
 10633 | D:11     | Noticed a six-headed hydra
 10633 | D:11     | Noticed a manticore
 10666 | D:11     | Found a flagged portal.
 10673 | D:11     | Found Cuenerph's Assorted Antiques.
 10682 | Bailey   | Entered a bailey
 11351 | D:11     | Mangled by a six-headed hydra
 11352 | D:11     | Reached XP level 9. HP: -7/43 MP: 17/17
 11357 | D:11     | Noticed an orc knight
 11396 | D:11     | HP: 1/43 [orc wizard/magic dart (7)]
 11700 | D:10     | Noticed a two-headed ogre
 11757 | D:10     | Killed a two-headed ogre
 11757 | D:10     | Reached XP level 10. HP: 23/47 MP: 9/18
 11975 | D:11     | Noticed a cyclops
 11981 | D:10     | Reached * piety under Makhleb
 12275 | D:11     | Killed a cyclops
 12471 | D:10     | Slain by an orc knight

Skill      XL: |  1  2  3  4  5  6  7  8  9 10 |
---------------+-------------------------------+-----
Unarmed Combat | 4 5 7 10 11 12 | 12.7
Transmutations | 3 4 5 7 8 |  8.1
Dodging        | 3 4 8 9 |  9.2
Fighting       | 3 4 6 8 |  8.0
Spellcasting   | 4 |  4.7
Ice Magic      | 1 |  1.9

Action                   |  1- 3 |  4- 6 |  7- 9 | 10-12 || total
-------------------------+-------+-------+-------+-------++-------
Melee: Unarmed           |   114 |   172 |   334 |   160 ||   780
       Headbutt          |    16 |     4 |       |       ||    20
       Bite              |     6 |    14 |    23 |    15 ||    58
       Punch             |       |     5 |    11 |    10 ||    26
 Cast: Beastly Appendage |    13 |     8 |     1 |       ||    22
       Sticks to Snakes  |     1 |     3 |    14 |       ||    18
       Spider Form       |       |    11 |     9 |       ||    20
       Blade Hands       |       |       |    31 |    17 ||    48
       Ice Form          |       |       |     3 |     3 ||     6
 Abil: End Transformatio |       |       |     2 |       ||     2
  Use: Scroll            |     5 |     1 |     5 |     5 ||    16
       Potion            |     3 |     1 |    11 |     1 ||    16
 Stab: Sleeping          |     2 |     2 |     4 |     3 ||    11
       Distracted        |       |       |     3 |     1 ||     4
  Eat: Chunk             |     8 |     6 |    46 |    14 ||    74
Armor: Skin              |    17 |    34 |    47 |    15 ||   113
Dodge: Dodged            |    94 |   196 |   301 |   177 ||   768
